 Dungeon Crawl Stone Soup version 0.21.0-24-g2553a33 (webtiles) character file.

71 tidbits the Grave Robber (level 4, -14/32 HPs)
             Began as a Gnoll Necromancer on Jan 20, 2018.
             Demolished by an ogre
             ... wielding a +0 giant club
              (22 damage)
             ... on level 3 of the Dungeon.
             The game lasted 00:05:31 (656 turns).

tidbits the Grave Robber (Gnoll Necromancer)         Turns: 656, Time: 00:05:32

Health: -14/32     AC:  2    Str: 10    XL:     4   Next: 24%
Magic:  1/11       EV: 21    Int: 18    God:
Gold:   83         SH:  0    Dex: 16    Spells: 6/13 levels left

rFire    + . .     SeeInvis .   d - +0 short sword
rCold    + . .     Gourm    .   (no shield)
rNeg     . . .     Faith    .   a - +0 robe
rPois    .         Spirit   .   (no helmet)
rElec    .         Reflect  .   C - scarf {rC+ rF+}
rCorr    .         Harm     .   (no gloves)
MR       .....                  (no boots)
Stlth    +++.......             (no amulet)
HPRegen  0.10/turn              V - +6 ring of evasion
MPRegen  0.12/turn              (no ring)

@: no status effects
A: distributed training, fangs 1, strong nose
a: no special abilities


You were on level 3 of the Dungeon.
You were not hungry.

You visited 1 branch of the dungeon, and saw 4 of its levels.

You collected 83 gold pieces.

Inventory:

Hand Weapons
 d - a +0 short sword (weapon)
 f - a +0 vampiric spear
   (You found it on level 1 of the Dungeon)
 g - a +0 dagger
 k - a +0 hunting sling
Missiles
 h - 52 stones (quivered)
Armour
 a - a +0 robe (worn)
 C - a scarf of resistance (worn)
   (You found it on level 1 of the Dungeon)
Jewellery
 V - a +6 ring of evasion (left hand)
   (You found it on level 1 of the Dungeon)
Scrolls
 e - 2 scrolls of fear {unknown}
 i - a scroll of identify {unknown}
 j - a scroll of amnesia {unknown}
Books
 b - a book of Necromancy

   Spells                             Type                      Level
   a - Pain                           Necromancy                   1
   b - Animate Skeleton               Necromancy                   1
   c - Vampiric Draining              Necromancy                   3
   d - Regeneration                   Charms/Necromancy            3
   e - Animate Dead                   Necromancy                   4
   f - Borgnjor's Vile Clutch         Necromancy/Earth             5
Comestibles
 c - 4 rations


   Skills:
 + Level 1.0 Fighting
 + Level 1.0 Short Blades
 + Level 1.0 Long Blades
 + Level 1.0 Axes
 + Level 1.0 Maces & Flails
 + Level 1.0 Polearms
 + Level 1.0 Staves
 + Level 1.0 Slings
 + Level 1.0 Bows
 + Level 1.0 Crossbows
 + Level 1.0 Throwing
 + Level 1.0 Armour
 + Level 4.6 Dodging
 + Level 4.2 Stealth
 + Level 1.0 Shields
 + Level 1.0 Unarmed Combat
 + Level 5.0 Spellcasting
 + Level 0.8 Conjurations
 + Level 0.8 Hexes
 + Level 0.8 Charms
 + Level 0.8 Summonings
 + Level 7.1 Necromancy
 + Level 0.8 Translocations
 + Level 0.8 Transmutations
 + Level 0.8 Fire Magic
 + Level 0.8 Ice Magic
 + Level 0.8 Air Magic
 + Level 0.8 Earth Magic
 + Level 0.8 Poison Magic
 + Level 1.1 Invocations
 + Level 1.0 Evocations


You had 6 spell levels left.
You knew the following spells:

 Your Spells              Type           Power        Failure   Level  Hunger
a - Pain                  Necr           ####         1%          1    None
d - Vampiric Draining     Necr           ####......   1%          3    ##.....
r - Regeneration          Chrm/Necr      ###.......   8%          3    ##.....


Dungeon Overview and Level Annotations

Branches:
Dungeon (4/15)
 Temple: D:4-7

Altars:

Annotations:
D:2 exclusion: 3 gnolls
D:3 Aviak's ghost, amateur FoCj
D:4 tidbits's ghost, weakling GnNe


Innate Abilities, Weirdness & Mutations

Your experience applies equally to all skills.
You have very sharp teeth.
Your uncanny sense of smell can sniff out nearby items.


Message History

Aim: a giant cockroach (clinging, chance to defeat MR: 93%)
The giant cockroach writhes in agony!
The giant cockroach misses you.
Casting: Pain
Confirm with . or Enter, or press ? or * to list all spells.
Aiming: Pain
Press: ? - help, Shift-Dir - straight line, f/p - giant cockroach
Aim: a giant cockroach (almost dead, clinging, chance to defeat MR: 93%)
The giant cockroach writhes in agony!
You kill the giant cockroach!
You see here a giant cockroach corpse.
There is a stone staircase leading down here.
There is a stone staircase leading down here.
You climb downwards.
Tidbits's ghost (weakling Gnoll Necromancer) comes into view.
Found 27 stones.
There is a stone staircase leading up here.
Unknown command.
Tidbits's ghost turns its malevolent gaze towards you.
You climb upwards.
Level annotation: Aviak's ghost, amateur FoCj
There is a stone staircase leading down here.
Unknown command.
Found 25 bolts.
An ooze comes into view.
Unknown command.
The ooze quivers.
The ooze hits you but does no damage.
Unknown command.
You hit the ooze but do no damage. You bite the ooze, but do no damage.
The ooze closely misses you.
Casting: Pain
Confirm with . or Enter, or press ? or * to list all spells.
Aiming: Pain
Press: ? - help, Shift-Dir - straight line, f - ooze
Aim: an ooze (chance to defeat MR: 84%)
The ooze writhes in agony!
The ooze hits you.
Casting: Pain
Confirm with . or Enter, or press ? or * to list all spells.
Aiming: Pain
Press: ? - help, Shift-Dir - straight line, f/p - ooze
Aim: an ooze (moderately wounded, chance to defeat MR: 84%)
The ooze writhes in agony!
You kill the ooze!
Found a leather armour.
Casting: Pain
Confirm with . or Enter, or press ? or * to list all spells.
Your skin crawls.
Your skin is crawling a little less now.
Your skin stops crawling.
An ogre comes into view. It is wielding a giant club.
Found a viscous white potion.
The ogre shouts!
Casting: Regeneration
Confirm with . or Enter, or press ? or * to list all spells.
Aiming: Pain
Press: ? - help, Shift-Dir - straight line, f - ogre
Aim: an ogre, wielding a giant club (chance to defeat MR: 84%)
The ogre writhes in agony!
Casting: Pain
Confirm with . or Enter, or press ? or * to list all spells.
Aiming: Pain
Press: ? - help, Shift-Dir - straight line, f/p - ogre
Aim: an ogre, wielding a giant club (moderately wounded, chance to defeat MR: 84%)
The ogre barely resists.
Casting: Pain
Confirm with . or Enter, or press ? or * to list all spells.
Aiming: Pain
Press: ? - help, Shift-Dir - straight line, f/p - ogre
Aim: an ogre, wielding a giant club (moderately wounded, chance to defeat MR: 84%)
The ogre writhes in agony!
You hit the ogre.
The ogre is severely wounded.
The ogre closely misses you.
Casting: Pain
Confirm with . or Enter, or press ? or * to list all spells.
Aiming: Pain
Press: ? - help, Shift-Dir - straight line, f/p - ogre
Aim: an ogre, wielding a giant club (severely wounded, chance to defeat MR: 84%)
The ogre writhes in agony!
The ogre closely misses you.
Casting: Pain
Confirm with . or Enter, or press ? or * to list all spells.
Aiming: Pain
Press: ? - help, Shift-Dir - straight line, f/p - ogre
Aim: an ogre, wielding a giant club (severely wounded, chance to defeat MR: 84%)
The ogre writhes in agony!
The ogre hits you with a giant club!
* * * LOW HITPOINT WARNING * * *
Casting: Pain
Confirm with . or Enter, or press ? or * to list all spells.
Aiming: Pain
Press: ? - help, Shift-Dir - straight line, f/p - ogre
Aim: an ogre, wielding a giant club (severely wounded, chance to defeat MR: 84%)
The ogre writhes in agony!
Casting: Pain
Confirm with . or Enter, or press ? or * to list all spells.
Aiming: Pain
Press: ? - help, Shift-Dir - straight line, f/p - ogre
Aim: an ogre, wielding a giant club (severely wounded, chance to defeat MR: 84%)
The ogre writhes in agony!
The ogre hits you with a giant club!!
Ouch! That really hurt!
You die...

## ..# .. #.##
##..# .... #
#.#####.#####....
.........@O......
.#####.#####....
#..# #.... ##.##
#... #[.# #...
##.# #..# # ∆
#.###..#.#
#..##..#.#####
##.##.........


You could see an ogre.

Vanquished Creatures
  3 adders
  An ooze (D:3)
  A leopard gecko (D:2)
  4 bats
  3 giant cockroaches
  6 goblins
  6 hobgoblins
  2 quokkas
  6 kobolds
  3 rats
35 creatures vanquished.

Notes
Turn   | Place    | Note
-------+----------+-------------------------------------------
     0 | D:1      | tidbits the Gnoll Necromancer began the quest for the Orb.
     0 | D:1      | Reached XP level 1. HP: 13/13 MP: 6/6
   127 | D:1      | Reached XP level 2. HP: 13/19 MP: 3/7
   343 | D:2      | Found a faded altar of an unknown god.
   368 | D:3      | Reached XP level 3. HP: 6/25 MP: 7/9
   373 | D:3      | Learned a level 3 spell: Vampiric Draining
   377 | D:3      | Learned a level 3 spell: Regeneration
   406 | D:3      | Reached skill level 5 in Spellcasting
   444 | D:3      | Noticed Aviak's ghost (amateur FoCj)
   488 | D:2      | Reached skill level 1 in Invocations
   577 | D:3      | Reached skill level 1 in Fighting
   577 | D:3      | Reached skill level 1 in Short Blades
   577 | D:3      | Reached skill level 1 in Long Blades
   577 | D:3      | Reached skill level 1 in Axes
   577 | D:3      | Reached skill level 1 in Maces & Flails
   577 | D:3      | Reached skill level 1 in Polearms
   577 | D:3      | Reached skill level 1 in Staves
   577 | D:3      | Reached skill level 1 in Slings
   577 | D:3      | Reached skill level 1 in Bows
   577 | D:3      | Reached skill level 1 in Crossbows
   577 | D:3      | Reached skill level 1 in Throwing
   577 | D:3      | Reached skill level 1 in Armour
   577 | D:3      | Reached skill level 1 in Shields
   577 | D:3      | Reached skill level 1 in Unarmed Combat
   577 | D:3      | Reached skill level 1 in Evocations
   587 | D:3      | Reached XP level 4. HP: 30/32 MP: 8/11
   610 | D:4      | Noticed tidbits's ghost (weakling GnNe)
   646 | D:3      | Noticed an ogre
   656 | D:3      | Demolished by an ogre

Skill      XL: |  1  2  3 |
---------------+----------+-----
Spellcasting   | 5 |  5.0
Invocations    | 1 |  1.1
Fighting       | 1 |  1.0
Short Blades   | 1 |  1.0
Long Blades    | 1 |  1.0
Axes           | 1 |  1.0
Maces & Flails | 1 |  1.0
Polearms       | 1 |  1.0
Staves         | 1 |  1.0
Slings         | 1 |  1.0
Bows           | 1 |  1.0
Crossbows      | 1 |  1.0
Throwing       | 1 |  1.0
Armour         | 1 |  1.0
Shields        | 1 |  1.0
Unarmed Combat | 1 |  1.0
Evocations     | 1 |  1.0
Dodging        | |  4.6
Stealth        | |  4.2
Conjurations   | |  0.8
Hexes          | |  0.8
Charms         | |  0.8
Summonings     | |  0.8
Necromancy     | |  7.1
Translocations | |  0.8
Transmutations | |  0.8
Fire Magic     | |  0.8
Ice Magic      | |  0.8
Air Magic      | |  0.8
Earth Magic    | |  0.8
Poison Magic   | |  0.8

Action                   |  1- 3 |  4- 6 || total
-------------------------+-------+-------++-------
Melee: Short sword       |    24 |     9 ||    33
       Bite              |     1 |     2 ||     3
 Cast: Pain              |    33 |    12 ||    45
       Regeneration      |     2 |     1 ||     3
  Use: Potion            |     1 |       ||     1
 Stab: Sleeping          |     5 |       ||     5
Armor: Robe              |     2 |     2 ||     4
Dodge: Dodged            |    26 |     8 ||    34

Table legend:
 A = Turns spent in this place as a percentage of turns spent in the entire game.
 B = Non-inter-level travel turns spent in this place as a percentage of non-inter-level travel turns spent in the entire game.
 C = Inter-level travel turns spent in this place as a percentage of turns spent in this place.
 D = Turns resting spent in this place as a percentage of non-inter-level travel turns spent in this place.
 E = Turns spent auto-exploring this place as a percentage of non-inter-level travel turns spent in this place.
 F = Non-inter-level travel turns spent in this place divided by the number of levels of this place that you've seen.
                   A       B       C       D       E      F
               +-------+-------+-------+-------+-------+----------------------
         Total | 100.0 | 100.0 |   3.5 |   0.0 |   0.0 | 158.2
       Dungeon | 100.0 | 100.0 |   3.5 |   0.0 |   0.0 | 158.2
               +-------+-------+-------+-------+-------+----------------------

Table legend:
 A = Kills in this place as a percentage of kills in entire the game.
 B = Kills by you in this place as a percentage of kills by you in the entire game.
 C = Kills by friends in this place as a percentage of kills by friends in the entire game.
 D = Other kills in this place as a percentage of other kills in the entire game.
 E = Experience gained in this place as a percentage of experience gained in the entire game.
 F = Experience gained in this place divided by the number of levels of this place that you have seen.
                   A       B       C       D       E      F
               +-------+-------+-------+-------+-------+----------------------
         Total | 100.0 | 100.0 |   N/A |   N/A | 100.0 |  25.5
       Dungeon | 100.0 | 100.0 |   N/A |   N/A | 100.0 |  25.5
               +-------+-------+-------+-------+-------+----------------------

Vault maps used:
D:1:      dpeg_arrival_water_temple_mockup, minmay_surrounded
D:2:      chequers_ecumenical_altar_simple_redux
D:3:      zin_scriptorium, grunt_temple_overflow_open, first_ration,
          minmay_misc_feat_rows, grunt_decor_clamped, bloody_trog,
          uniq_crazy_yiuf_cottage, uniq_jessica
D:4:      temple_doors_ab, serial_shops, shop, dk_noncrumbling_3,
          kennysheep_flooded_box
